 Dungeon Crawl Stone Soup version 0.21-a0-642-g5d013b2151 (webtiles) character file.

26 Manul the Ducker (level 2, -10/16 HPs)
             Began as a Spriggan Abyssal Knight on Dec 31, 2017.
             Was a Follower of Lugonu.
             Killed by divine providence
             ... invoked by an orc priest
              (12 damage)
             ... on level 2 of the Dungeon.
             The game lasted 00:01:59 (1580 turns).

Manul the Ducker (Spriggan Abyssal Knight)          Turns: 1580, Time: 00:02:00

Health: -10/16     AC:  2    Str:  6 (8)  XL:     2   Next: 89%
Magic:  4/4        EV: 18    Int: 18 (20) God:    Lugonu [*.....]
Gold:   36         SH:  0    Dex:  9 (12) Spells: 1/1 levels left

rFire    . . .     SeeInvis +   e - +7 mace of Wokhanud {freeze, rPois Int+7 Dex-3 Stlth+}
rCold    . . .     Gourm    .   (shield restricted)
rNeg     . . .     Faith    .   b - +0 robe
rPois    +         Spirit   .   (helmet restricted)
rElec    .         Reflect  .   (no cloak)
rCorr    .         Harm     .   (gloves unavailable)
MR       .....                  (boots unavailable)
Stlth    ++........             (no amulet)
HPRegen  0.05/turn              (no ring)
MPRegen  0.09/turn              (no ring)

@: confused, hasted, very quick
A: very small, unfitting armour, see invisible, herbivore, speed 3, slow
metabolism 2
a: Depart the Abyss, Renounce Religion


You were on level 2 of the Dungeon.
You worshipped Lugonu.
Lugonu was aware of your devotion.
You were not hungry.

You visited 1 branch of the dungeon, and saw 2 of its levels.
You visited the Abyss 1 time.

You collected 36 gold pieces.

Inventory:

Hand Weapons
 a - a +1 short sword
 e - the +7 mace of Wokhanud (weapon) {freeze, rPois Int+7 Dex-3 Stlth+}
   (You found it on level 2 of the Abyss)

   It has been specially enchanted to freeze those struck by it, causing extra
   injury to most foes and up to half again as much damage against particularly
   susceptible opponents.
   It can also slow down cold-blooded creatures.
   It affects your intelligence (+7).
   It affects your dexterity (-3).
   It protects you from poison.
   It makes you more stealthy.
Armour
 b - a +0 robe (worn)
Magical Staves
 f - an uncursed staff of power {unknown}
Scrolls
 g - a scroll of random uselessness {unknown}
 h - 2 scrolls of identify {unknown}
Potions
 i - a potion of degeneration
Comestibles
 c - 3 rations


   Skills:
 + Level 2.8 Fighting
 + Level 2.6 Short Blades
 + Level 4.3 Dodging
 + Level 1.8 Invocations


You had one spell level left.
You didn't know any spells.

Dungeon Overview and Level Annotations

Branches:
Dungeon (2/15)

Altars:


Innate Abilities, Weirdness & Mutations

You are very small and have problems with some larger weapons.
You are too small for most types of armour.
You have supernaturally acute eyesight. (SInv)
You are a herbivore.
You cover ground extremely quickly.
You need consume almost no food.


Message History

The orc wizard flickers and vanishes for a moment.
The orc wizard points at you and mumbles some strange words.
You are confused.
You bump into the rock wall.
The orc hits you with a dagger.
* * * LOW HITPOINT WARNING * * *
You barely miss the orc.
It was a potion of degeneration.
There was something very wrong with that liquid.
You feel weakened.
You feel dopey.
You feel clumsy. The orc hits you with a dagger.
* * * LOW HITPOINT WARNING * * *
The orc wizard casts a spell at you. You resist with some effort.
It was a potion of haste.
You feel yourself speed up. The orc closely misses you.
The orc priest invokes the aid of Beogh against you.
Beogh smites you!
Ouch! That really hurt!
You die...

######## #......#
####### # #.####.#
######.<...# ...
#.####@####...##.###.#
.....##.##ooo.....#....#
#.......o.#.####...##.#
#.#.##..#.#.# ######...
#......# ###.# ....#.###
.# .....#.# . #..#..#.#
. .........# #.


You could see an orc priest, an orc wizard (invisible) and 2 orcs.

Vanquished Creatures
  An ufetubus (Abyss:1)
  A dart slug (D:1)
  2 giant cockroaches (D:1)
  5 hobgoblins (D:1)
  3 kobolds (D:1)
  A bat (D:1)
  5 frilled lizards (D:1)
  2 rats (D:1)
20 creatures vanquished.

Notes
Turn   | Place    | Note
-------+----------+-------------------------------------------
     0 | Abyss:1  | Manul the Spriggan Abyssal Knight began the quest for the Orb.
     0 | Abyss:1  | Reached XP level 1. HP: 11/11 MP: 3/3
    54 | Abyss:1  | Noticed a neqoxec
    58 | Abyss:1  | Noticed a black mamba zombie
    91 | Abyss:1  | Noticed a shadow dragon skeleton
   116 | Abyss:2  | Got a steaming mace
   117 | Abyss:2  | Identified the +7 mace of Wokhanud {freeze, rPois Int+7 Dex-3 Stlth+} (You found it on level 2 of the Abyss)
   146 | Abyss:2  | Noticed a large abomination
   146 | Abyss:2  | Noticed a starcursed mass
   167 | Abyss:2  | Noticed a starcursed mass
   181 | Abyss:2  | Noticed a large abomination
   219 | Abyss:2  | Noticed a water elemental
   235 | Abyss:2  | Noticed a tentacled starspawn
   248 | Abyss:2  | Noticed a thrashing horror
   249 | D:1      | Escaped the Abyss
   471 | D:1      | Reached XP level 2. HP: 16/16 MP: 4/4
   477 | D:1      | Reached * piety under Lugonu
   522 | D:1      | Reached skill level 4 in Dodging
  1580 | D:2      | Killed from afar by an orc priest

Vault maps used:
D:1:      dpeg_arrival_solitude, minivault_27, minmay_lizard_pond
D:2:      chequers_temple_overflow_statue_of_worship
Abyss:1:  hangedman_decor_lopped

Skill      XL: |  1  2 |
---------------+-------+-----
Dodging        | 4 |  4.3
Fighting       | |  2.8
Short Blades   | |  2.6
Invocations    | |  1.8

Action                   || total
-------------------------++-------
Melee: Short sword       ||    10
       Mace              ||    44
Invok: Depart the Abyss  ||     1
  Use: Scroll            ||     1
       Potion            ||     2
 Stab: Sleeping          ||     5
Armor: Robe              ||     5
Dodge: Dodged            ||    79

Table legend:
 A = Spawn XP
 B = Non-spawn XP
 C = Spawn XP percentage of total XP
 D = Spawn monster count
 E = Non-spawn monster count
 F = Spawn count percentage of total count
 G = Total turns spent on level
                    A         B        C        D         E        F      G
               +---------+---------+-------+---------+---------+-------+---------
         Total |       0 |      38 |   0.0 |       0 |      20 |   0.0 |  1580
               +---------+---------+-------+---------+---------+-------+---------
           D:1 |       0 |      30 |   0.0 |       0 |      19 |   0.0 |  1293
       Abyss:1 |       0 |       8 |   0.0 |       0 |       1 |   0.0 |    94
               +---------+---------+-------+---------+---------+-------+---------
